 Dungeon Crawl Stone Soup version 0.16.1-51-g6203257 (webtiles) character file.

261 kae the Firebug (level 6, -1/32 HPs)
             Began as a Tengu Fire Elementalist on July 2, 2015.
             Was an Initiate of Vehumet.
             Slain by a goliath beetle (29 damage)
             ... on level 4 of the Dungeon.
             The game lasted 00:05:05 (4135 turns).

kae the Firebug (Tengu Fire Elementalist)           Turns: 4135, Time: 00:05:05

Health: -1/32      AC:  2    Str:  8    XL:     6   Next: 18%
Magic:  8/15       EV: 13    Int: 17    God:    Vehumet [......]
Gold:   86         SH:  0    Dex: 18    Spells: 3 memorised, 5 levels left

rFire  . . .     SeeInvis .     e - +0 short sword
rCold  . . .     Clarity  .     a - +0 robe
rNeg   . . .     SustAb   .     (no shield)
rPois  .         Gourm    .     (helmet restricted)
rElec  .         Spirit   .     (no cloak)
rCorr  .         Warding  .     (no gloves)
rMut   .         Stasis   .     (boots unavailable)
MR     .....                    (no amulet)
Stlth  ++........               m - +3 ring of dexterity
                                k - ring of teleport control

@: not resistant to hostile enchantments, unstealthy
A: able to fly, beak, talons 3
a: Fly, Renounce Religion, Evoke Teleport Control


You were on level 4 of the Dungeon.
You worshipped Vehumet.
Vehumet was noncommittal.
You were near starving.

You visited 2 branches of the dungeon, and saw 5 of its levels.

You collected 86 gold pieces.

Inventory:

Hand weapons
 e - a +0 short sword (weapon)
Armour
 a - a +0 robe (worn)
Jewellery
 k - a ring of teleport control (left hand)
 m - a +3 ring of dexterity (right hand)
 n - an uncursed ring of magical power {unknown}
Magical devices
 o - a wand of fireball (2)
Scrolls
 d - 3 scrolls of identify {unknown}
 f - a scroll of recharging {unknown}
 g - 3 scrolls of remove curse {unknown}
 h - 2 scrolls of teleportation {unknown}
 p - a scroll of fog {unknown}
Potions
 i - a potion of haste
 j - 3 potions of curing
 l - a potion of heal wounds {unknown}
Books
 b - a book of Flames

   Spells                             Type                      Level
   a - Flame Tongue                   Conjuration/Fire             1
   b - Throw Flame                    Conjuration/Fire             2
   c - Conjure Flame                  Conjuration/Fire             3
   d - Inner Flame                    Hexes/Fire                   3
   e - Sticky Flame                   Conjuration/Fire             4
   f - Fireball                       Conjuration/Fire             5
Comestibles
 c - 2 bread rations


   Skills:
 - Level 2.1 Dodging
 - Level 2.0 Stealth
 + Level 3.3 Spellcasting
 * Level 5.0 Conjurations
 * Level 5.1 Fire Magic


You had 5 spell levels left.
You knew the following spells:

 Your Spells              Type           Power        Failure   Level  Hunger
a - Flame Tongue          Conj/Fire      ###..        2%          1    None
b - Throw Flame           Conj/Fire      ###...       3%          2    ##.....
c - Conjure Flame         Conj/Fire      ###.....     10%         3    ###....


Dungeon Overview and Level Annotations

Branches:
Dungeon (4/15)             Temple (1/1) D:4

Altars:
Ashenzari
Dithmenos
Elyvilon
Fedhas
Gozag
Kikubaaqudgha
Makhleb
Nemelex Xobeh
Okawaru
Qazlal
Ru
Sif Muna
Vehumet
Xom
Yredelemnul
Zin
The Shining One

Annotations:
D:2 Sigmund


Innate Abilities, Weirdness & Mutations

You can fly.
You have a beak for a mouth.
You have claws for feet.


Message History

The goliath beetle is engulfed in roaring flames.
The goliath beetle closely misses you.
Casting: Flame Tongue
Confirm with . or Enter, or press ? or * to list all spells.
Aiming: Flame Tongue
Press: ? - help, Shift-Dir - straight line, f/p - goliath beetle
Aim: a goliath beetle (flame, moderately wounded)
The flame tongue hits the goliath beetle.
The goliath beetle is moderately wounded.
Casting: Flame Tongue
Confirm with . or Enter, or press ? or * to list all spells.
Aiming: Flame Tongue
Press: ? - help, Shift-Dir - straight line, f/p - goliath beetle
Aim: a goliath beetle (flame, moderately wounded)
The flame tongue hits the goliath beetle.
The goliath beetle is heavily wounded.
The goliath beetle is engulfed in roaring flames.
The goliath beetle bites you!!
Ouch! That really hurt!
You die...

###......#####.8. ...#
##...### #... ..... #####
###.#. ...... ###.....
....... ###....... .......
####....##..# .......
####......####..
#.......####..........# #..
#........B@............###.
#........#####..........# .
#....#### .............##
###. ...............# #
...............
............... ...........
..... .


You could see a goliath beetle.

Vanquished Creatures
  2 orc priests (D:3)
  3 gnolls (D:2)
  9 adders
  A giant mite (D:2)
  3 worms (D:2)
  4 orcs (D:3)
  3 giant cockroaches
  9 goblins
  5 hobgoblins
  7 jackals
  8 kobolds
  A quokka (D:2)
  6 bats
  2 giant newts
  5 rats
  4 ballistomycetes (D:3)
72 creatures vanquished.

Vanquished Creatures (others)
  2 giant spores (D:3)
2 creatures vanquished.

Grand Total: 74 creatures vanquished

Notes
Turn   | Place    | Note
--------------------------------------------------------------
     0 | D:1      | kae, the Tengu Fire Elementalist, began the quest for the Orb.
     0 | D:1      | Reached XP level 1. HP: 10/10 MP: 3/3
   509 | D:1      | Reached XP level 2. HP: 12/15 MP: 5/5
   728 | D:2      | Reached XP level 3. HP: 15/19 MP: 5/7
   748 | D:2      | Reached skill level 4 in Fire Magic
  1133 | D:2      | Reached XP level 4. HP: 12/24 MP: 9/9
  1578 | D:2      | Noticed Sigmund
  2142 | D:2      | Reached XP level 5. HP: 26/28 MP: 6/11
  2623 | D:3      | Learned a level 2 spell: Throw Flame
  2627 | D:3      | Learned a level 3 spell: Conjure Flame
  3144 | D:3      | Reached skill level 5 in Fire Magic
  3164 | D:3      | Reached XP level 6. HP: 6/32 MP: 6/15
  3616 | D:4      | Found a staircase to the Ecumenical Temple.
  3628 | Temple   | Entered the Ecumenical Temple
  3631 | Temple   | Reached skill level 5 in Conjurations
  3761 | Temple   | Became a worshipper of Vehumet
  4135 | D:4      | Slain by a goliath beetle

Action                   |  1- 3 |  4- 6 || total
-------------------------+-------+-------++-------
Melee: Short sword       |    40 |    71 ||   111
       Unarmed           |     5 |       ||     5
 Cast: Flame Tongue      |    30 |    82 ||   112
       Throw Flame       |       |     3 ||     3
       Conjure Flame     |       |     1 ||     1
  Use: Potion            |     2 |       ||     2
 Stab: Sleeping          |     3 |     2 ||     5
  Eat: Chunk             |     1 |     2 ||     3
       Meat ration       |       |     1 ||     1
       Beef jerky        |       |     1 ||     1
